 Dungeon Crawl Stone Soup version 0.19-b1-4-gd8a0a2a (webtiles) character file.

801 dohliylev the Covert (level 7, -4/52 HPs)
             Began as a Vampire Assassin on Oct 30, 2016.
             Killed from afar by an orc wizard (10 damage)
             ... with a magic dart
             ... on level 6 of the Dungeon.
             The game lasted 00:22:05 (4230 turns).

dohliylev the Covert (Vampire Assassin)             Turns: 4230, Time: 00:22:06

Health: -4/52      AC:  0    Str: 10    XL:     7   Next: 59%
Magic:  0/7        EV: 21    Int: 13    God:
Gold:   235        SH:  0    Dex: 23    Spells: 0 memorised, 6 levels left

rFire  . . .     SeeInvis +     (weapon currently unavailable)
rCold  . . .     Gourm    .     (armour currently unavailable)
rNeg   + . .     Faith    .     (shield currently unavailable)
rPois  .         Spirit   +     (helmet currently unavailable)
rElec  .         Reflect  .     (cloak currently unavailable)
rCorr  .         Harm     .     (gloves currently unavailable)
MR     .....                    (boots currently unavailable)
Stlth  +++++++...               k - amulet of guardian spirit
                                (ring currently unavailable)
                                (ring currently unavailable)

@: bat-form, flying, slowed, quick
A: fangs 3, see invisible, (unbreathing)
a: End Transformation


You were on level 6 of the Dungeon.
You were not thirsty.
You were in vampire-bat-form.
You visited 1 branch of the dungeon, and saw 6 of its levels.

You collected 235 gold pieces.

Inventory:

Hand Weapons
 a - a +2 dagger of protection (melded)
 b - a +0 blowgun
Missiles
 e - 15 poisoned needles
 f - 2 curare-tipped needles
 u - 8 tomahawks (quivered)
Armour
 d - a +0 cloak (melded)
 i - a +0 pair of gloves (melded)
 x - a +2 robe of positive energy (melded)
Jewellery
 k - an amulet of guardian spirit (around neck)
 l - a ring of resist corrosion (melded)
 p - an uncursed amulet of magic regeneration
Scrolls
 h - 3 scrolls of remove curse {unknown}
 j - 2 scrolls of identify {unknown}
 m - 3 scrolls of teleportation {unknown}
 n - a scroll of enchant weapon {unknown}
 o - a scroll of immolation {unknown}
 r - a scroll of blinking {unknown}
 v - 2 scrolls of enchant armour {unknown}
 z - a scroll of magic mapping {unknown}
 B - a scroll of brand weapon {unknown}
Potions
 c - a potion of ambrosia {unknown}
 g - 9 potions of blood
 q - a potion of beneficial mutation {unknown}
 s - 2 potions of mutation {unknown}
 t - a potion of agility {unknown}
 w - a potion of invisibility {unknown}
 y - a potion of might {unknown}
 A - a potion of magic {unknown}


   Skills:
 + Level 3.0 Fighting
 + Level 4.3 Short Blades
 + Level 3.0 Throwing
 + Level 3.0 Dodging
 * Level 10.7 Stealth


You had 6 spell levels left.
You didn't know any spells.

Dungeon Overview and Level Annotations

Branches:
Dungeon (6/15)
 Temple: D:4-7

Altars:
Hepliaklqana
Kikubaaqudgha
Nemelex Xobeh
Ru
Sif Muna
Yredelemnul

Shops:
D:4 *

Annotations:
D:6 Pikel


Innate Abilities, Weirdness & Mutations

You have razor-sharp teeth.
You have supernaturally acute eyesight. (SInv)
((You can survive without breathing.))


Message History

Your +0 cloak melds into your body.
Your +0 pair of gloves melds into your body.
Your +2 robe of positive energy melds into your body.
Your ring of resist corrosion melds into your body.
Your +2 dagger of protection goes still.
You feel less protected from negative energy.
Pikel hits you with a whip of freezing!
* * * LOW HITPOINT WARNING * * *
Pikel freezes you.
* * * LOW HITPOINT WARNING * * *
Pikel hits you with a whip of freezing.
* * * LOW HITPOINT WARNING * * *
Pikel freezes you.
* * * LOW HITPOINT WARNING * * *
The orc wizard mumbles some strange words.
The orc wizard casts a spell.
The orc wizard blinks!
The orc wizard points at you and mumbles some strange words.
The magic dart hits you!
You die...

........####.........#####...####
........'.......#...............'
........####...###.#.#####...####
.......## ##.## ##..# #..## #
#.....## #..# #.#.# #.## ##...##
#.#.#.##.# #.# ##'## #.##.###.#
#.# #.# #........# #.# #.#
##b#### #.## ### ##.## #.# #.. ..
##...## #.# #.# #. #...<(# #o#
#.#####. ##...###########K#
#....... ###.#.......o..ยง.#
#.....#. .))...############
#.###... ####### #.#####.
#.......


You could see Pikel and an orc wizard.

Vanquished Creatures
  A sky beast (D:6)
  An eye of draining (D:6)
  2 ogres
  A scorpion (D:6)
  A jelly (D:6)
  A hound (D:4)
  An iguana (D:4)
  An orc wizard (D:4)
  A worker ant (D:6)
  3 hound skeletons (D:4)
  A worker ant zombie (D:5)
  A howler monkey skeleton (D:4)
  7 adders
  4 gnolls (D:6)
  An ooze (D:3)
  3 worms
  An adder skeleton (D:4)
  3 dart slugs
  3 leopard geckos
  5 orcs
  11 bats
  3 giant cockroaches
  7 goblins
  7 hobgoblins
  13 jackals
  A quokka (D:3)
  A ball python (D:1)
  5 frilled lizards
  A leopard gecko skeleton (D:4)
  4 rats
95 creatures vanquished.

Notes
Turn   | Place    | Note
-------+----------+-------------------------------------------
     0 | D:1      | dohliylev the Vampire Assassin began the quest for the Orb.
     0 | D:1      | Reached XP level 1. HP: 16/16 MP: 1/1
    27 | D:1      | Reached skill level 6 in Stealth
   340 | D:1      | Reached XP level 2. HP: 22/22 MP: 2/2
   860 | D:2      | Reached XP level 3. HP: 27/27 MP: 3/3
   890 | D:2      | Reached skill level 7 in Stealth
  1259 | D:2      | Reached XP level 4. HP: 28/33 MP: 4/4
  1491 | D:2      | Reached skill level 8 in Stealth
  2448 | D:3      | Found a basalt altar of Yredelemnul.
  2573 | D:4      | Reached XP level 5. HP: 38/38 MP: 5/5
  2782 | D:4      | Reached skill level 9 in Stealth
  2856 | D:4      | Found a sparkling altar of Nemelex Xobeh.
  2862 | D:4      | Found a deep blue altar of Sif Muna.
  2880 | D:4      | Found Zocie's Assorted Antiques.
  2905 | D:4      | Noticed an ogre
  3151 | D:4      | Reached XP level 6. HP: 21/45 MP: 1/6
  3222 | D:4      | Found a sacrificial altar of Ru.
  3357 | D:4      | Found an ancient bone altar of Kikubaaqudgha.
  3358 | D:4      | Found a hazy altar of Hepliaklqana.
  3402 | D:5      | Entered Level 5 of the Dungeon
  3438 | D:5      | You fall through a shaft!
  3460 | D:6      | Reached skill level 10 in Stealth
  3480 | D:6      | Noticed a sky beast
  3509 | D:6      | Killed a sky beast
  3509 | D:6      | Reached XP level 7. HP: 19/51 MP: 3/7
  3648 | D:5      | Noticed Pikel
  4230 | D:6      | Killed from afar by an orc wizard

Skill      XL: |  1  2  3  4  5  6  7 |
---------------+----------------------+-----
Stealth        | 6 7 8 9 10 | 10.7
Fighting       | 2 3 |  3.0
Throwing       | 2 3 |  3.0
Short Blades   | 3 4 |  4.3
Dodging        | 2 3 |  3.0

Action                   |  1- 3 |  4- 6 |  7- 9 || total
-------------------------+-------+-------+-------++-------
Melee: Dagger            |    80 |   180 |    85 ||   345
       Bite              |     2 |    20 |    12 ||    34
 Fire: Blowgun           |     1 |    20 |    21 ||    42
 Abil: Bat Form          |     1 |     1 |     3 ||     5
       End Transformatio |     1 |     1 |     2 ||     4
 Stab: Sleeping          |    17 |    16 |     1 ||    34
       Distracted        |       |       |     1 ||     1
  Eat: Corpse            |     4 |     9 |       ||    13
Armor: Robe              |    25 |    39 |    32 ||    96
Dodge: Dodged            |    38 |    89 |    41 ||   168
